 Dungeon Crawl Stone Soup version 0.18.1-48-g4cf74bf (webtiles) character file.

84 PossumBlood the Conjurer (level 4, -4/33 HPs)
             Began as a Demigod Conjurer on Aug 17, 2016.
             Slain by an iguana (14 damage)
             ... on level 3 of the Dungeon.
             The game lasted 00:07:24 (2295 turns).

PossumBlood the Conjurer (Demigod Conjurer)         Turns: 2295, Time: 00:07:24

Health: -4/33      AC:  5    Str: 11    XL:     4   Next: 4%
Magic:  0/11       EV: 12    Int: 21    God:
Gold:   121        SH:  0    Dex: 16    Spells: 1 memorised, 8 levels left

rFire  . . .     SeeInvis .     f - +0 short sword
rCold  . . .     Gourm    .     a - +0 robe
rNeg   . . .     Faith    .     (no shield)
rPois  .         Spirit   .     n - +2 hat
rElec  .         Dismiss  .     (no cloak)
rCorr  .         Reflect  .     (no gloves)
SustAt +         Harm     .     g - +0 pair of boots
MR     .....                    (no amulet)
Stlth  ++........               (no ring)
                                (no ring)

@: not resistant to hostile enchantments, unstealthy
A: high mp 1, sustain attributes
a: no special abilities


You were on level 3 of the Dungeon.
You were not hungry.

You visited 1 branch of the dungeon, and saw 3 of its levels.

You collected 121 gold pieces.

Inventory:

Hand Weapons
 f - a +0 short sword (weapon)
Missiles
 e - 120 stones (quivered)
Armour
 a - a +0 robe (worn)
 g - a +0 pair of boots (worn)
 n - a +2 hat (worn)
Scrolls
 d - a scroll of immolation {unknown}
 k - 5 scrolls of identify {unknown}
 q - a scroll of noise {unknown}
 r - a scroll of fog {unknown}
Potions
 j - 2 potions of lignification {unknown}
 l - a potion of might {unknown}
 m - a potion of heal wounds {unknown}
Books
 b - a book of Conjurations

   Spells                             Type                      Level
   a - Magic Dart                     Conjuration                  1
   b - Searing Ray                    Conjuration                  2
   c - Dazzling Spray                 Conjuration/Hexes            3
   d - Fulminant Prism                Conjuration/Hexes            4
   e - Iskenderun's Mystic Blast      Conjuration                  4
   f - Iskenderun's Battlesphere      Conjuration/Charms           5
Comestibles
 c - a bread ration
 h - 2 meat rations
 i - a slice of pizza
 o - a beef jerky
 p - 7 fruits


   Skills:
 - Level 1.7 Dodging
 - Level 1.7 Stealth
 + Level 3.0 Spellcasting
 + Level 4.4 Conjurations


You had 8 spell levels left.
You knew the following spells:

 Your Spells              Type           Power        Failure   Level  Hunger
a - Magic Dart            Conj           ###.         1%          1    None


Dungeon Overview and Level Annotations

Branches:
Dungeon (3/15)


Innate Abilities, Weirdness & Mutations

You have an increased reservoir of magic (+10% MP).
Your attributes are resistant to harm.


Message History

The magic dart hits the iguana.
The iguana is severely wounded.
The iguana bites you.
Casting: Magic Dart
Confirm with . or Enter, or press ? or * to list all spells.
Aiming: Magic Dart
Press: ? - help, Shift-Dir - straight line, f/p - iguana
Aim: an iguana (severely wounded)
The magic dart hits the iguana.
The iguana is severely wounded.
The iguana bites you!
Casting: Magic Dart
Confirm with . or Enter, or press ? or * to list all spells.
Aiming: Magic Dart
Press: ? - help, Shift-Dir - straight line, f/p - iguana
Aim: an iguana (severely wounded)
The magic dart hits the iguana.
The iguana is severely wounded.
The iguana bites you!
You die...

#.#####################.#
))......................#
#######################.#
....# #.# ###.# ### #.#
.##.# .... #.# .##.#
..... #.# .##.#
......########.# .##.#
.....hl@.......# .##.#
......########## .##.#
+#... .##.# #.# .##.# #
....# ###.# #.# #.#


You could see an iguana and a jackal.

Vanquished Creatures
  An adder (D:2)
  3 worms
  A dart slug (D:2)
  3 giant geckos (D:2)
  4 orcs (D:3)
  3 bats
  2 giant cockroaches (D:1)
  5 goblins
  3 hobgoblins
  12 jackals
  2 kobolds (D:2)
  2 quokkas
  A ball python (D:2)
  10 rats
52 creatures vanquished.

Notes
Turn   | Place    | Note
--------------------------------------------------------------
     0 | D:1      | PossumBlood the Demigod Conjurer began the quest for the Orb.
     0 | D:1      | Reached XP level 1. HP: 14/14 MP: 5/5
   272 | D:1      | Reached XP level 2. HP: 8/20 MP: 0/7
   849 | D:2      | Reached skill level 4 in Conjurations
  1170 | D:2      | Reached XP level 3. HP: 26/26 MP: 3/9
  2190 | D:3      | Reached XP level 4. HP: 33/33 MP: 4/11
  2295 | D:3      | Slain by an iguana

Skill      XL: |  1  2  3 |
---------------+----------+-----
Spellcasting   | 2 3 |  3.0
Conjurations   | 4 |  4.4
Dodging        | |  1.7
Stealth        | |  1.7

Action                   |  1- 3 |  4- 6 || total
-------------------------+-------+-------++-------
Melee: Short sword       |    37 |       ||    37
       Unarmed           |    11 |       ||    11
 Cast: Magic Dart        |   110 |    13 ||   123
  Eat: Bread ration      |     1 |       ||     1
Armor: Robe              |    14 |     1 ||    15
Dodge: Dodged            |    49 |     4 ||    53
